 Dungeon Crawl Stone Soup version 0.28.0-53-g5a82cb258f (webtiles) character file.

Game seed: 8031144697457641726

1318 mortz the Zephyrmancer (level 8, -1/57 HPs)
             Began as a Demigod Air Elementalist on May 31, 2022.
             Shot with an arrow by a centaur (6 damage)
             ... on level 6 of the Dungeon.
             The game lasted 00:22:22 (7284 turns).

mortz the Zephyrmancer (Demigod Air Elementalist)   Turns: 7284, Time: 00:22:23

Health: -1/57      AC:  3    Str:  9    XL:     8   Next: 11%
Magic:  1/14       EV: 12    Int: 25    God:
Gold:   217        SH:  0    Dex: 14    Spells: 4/11 levels left

rFire   + . .      SeeInvis .   E - +4 short sword (freeze) {short}
rCold   + . .      Faith    .   (no shield)
rNeg    . . .      Spirit   .   a - +0 robe
rPois   .          Reflect  .   (no helmet)
rElec   .          Harm     .   r - scarf {rC+ rF+}
rCorr   .          Rampage  .   s - +0 pair of gloves
Will    .....                   (no boots)
Stlth   ++........              (no amulet)
HPRegen 0.19/turn               (no ring)
MPRegen 0.14/turn               (no ring)

@: no status effects
A: high MP 1, forlorn, divine attributes
a: no special abilities


You were on level 6 of the Dungeon.
You visited 1 branch of the dungeon, and saw 6 of its levels.

You collected 217 gold pieces.


Innate Abilities, Weirdness & Mutations

You have an increased reservoir of magic. (+10% MP)
You shall have no god before yourself.
Your divine heritage dramatically boosts your attributes as you level up.


   Skills:
 + Level 2.4 Dodging
 + Level 2.5 Stealth
 + Level 2.2 Spellcasting
 + Level 1.6 Conjurations
 + Level 9.1 Air Magic


You had 4 spell levels left.
You knew the following spells:

 Your Spells              Type           Power      Damage    Failure   Level
a - Shock                 Conj/Air       100%       1d9       1%          1
b - Static Discharge      Conj/Air       30%        N/A       1%          2
c - Airstrike             Air            24%        N/A       2%          4

Your spell library contained the following spells:

 Spells                   Type           Power      Damage    Failure   Level
 Swiftness                Air            48%        N/A       1%          3

Inventory:

Hand Weapons
 g - a +4 hand axe {axe}
   (You took it off a wight on level 5 of the Dungeon)
 y - a +0 flail of venom {mace}
   (You took it off a gnoll on level 5 of the Dungeon)
 A - a +4 trident {polearm}
   (You took it off a wight on level 5 of the Dungeon)
 E - a +4 short sword of freezing (weapon) {short}
   (You took it off a wight on level 5 of the Dungeon)
Armour
 a - a +0 robe (worn)
 r - a scarf of resistance (worn)
   (You found it on level 4 of the Dungeon)
 s - a +0 pair of gloves (worn)
   (You found it on level 4 of the Dungeon)
 u - a +0 leather armour
   (You found it on level 4 of the Dungeon)
 z - a +0 cloak
   (You took it off Crazy Yiuf on level 4 of the Dungeon)
 D - a +0 buckler
   (You found it on level 5 of the Dungeon)
Jewellery
 k - a ring of ice
   (You found it on level 2 of the Dungeon)
 p - an amulet of guardian spirit
   (You found it on level 4 of the Dungeon)
Scrolls
 e - a scroll of enchant armour {unknown}
 f - a scroll of identify {@r1}
 h - a scroll of silence {unknown}
 i - a scroll of amnesia {unknown}
 j - a scroll of teleportation {@r4}
 m - a scroll of immolation {!r!r}
 n - a scroll of torment {unknown}
 v - a scroll of fear
 x - a scroll of fog {unknown}
 C - a scroll of summoning {unknown}
Potions
 b - a potion of heal wounds {unknown}
 c - 2 potions of haste {@q3}
 d - 2 potions of brilliance {unknown}
 l - 2 potions of lignification {!q}
 o - a potion of curing {unknown}
 q - a potion of cancellation {unknown}
 t - a potion of attraction {unknown}
 w - a potion of flight {unknown}
 B - a potion of ambrosia {unknown}

Dungeon Overview and Level Annotations

Branches:
Dungeon (6/15)             Temple (0/1) D:4

Annotations:
D:6 exclusion: lemure

### ########
#.#####.#
.......######.......#
....................#
######.######.#######
#.##............
#.##.###.####### #5##
#.##.# #...@≈c# ....
#.##.# ######.# #.##
#.##.# .# . #.##.# .Y
# #....# ... . ######
###. . (# #


You could see a centaur.


Message History

You lost 4 mp, and now have 10/14 mp.
Aiming: Airstrike (dangerous; 2% risk of failure)
Press: ? - help, Q - select action, (/) - cycle Dir - move target, f/p - sky beast
Aim: a sky beast (moderately wounded, empty space bonus: 2/8)
You miscast Airstrike.
You are very lightly contaminated with residual magic.
Nothing appears to happen. 😎 MP[-4]
You lost 4 mp, and now have 6/14 mp.
Aiming: Airstrike (dangerous; 2% risk of failure)
Press: ? - help, Q - select action, (/) - cycle Dir - move target, f/p - sky beast
Aim: a sky beast (moderately wounded, empty space bonus: 3/8)
The air twists around and strikes the sky beast! 😎 MP[-4]
You lost 4 mp, and now have 2/14 mp.
You don't have enough magic to cast this spell.
Casting: Airstrike (dangerous; 2% risk of failure)
Confirm with . or Enter, or press ? or * to list all spells.
Okay, then.
The sky beast flickers out of sight!
Deactivating autopickup; reactivate with Ctrl-A.
Something hits you. Something shocks you. 😕 HP[-10]
You take 10 damage, and now have 47/57 hp.
You hit something. You freeze something. Something barely misses you.
Your magical contamination has completely faded away. 😕 HP[+1] MP[+1]
You barely miss something. Something hits you but does no damage.
You barely miss something. Something hits you. Something shocks you. 😮 HP[-9]
You take 9 damage, and now have 39/57 hp.
You closely miss something. Something hits you. Something shocks you. 😮 HP[-9]
You take 9 damage, and now have 30/57 hp.
You miss something. Something hits you. Something shocks you.
* * * LOW HITPOINT WARNING * * *
😨 HP[-6]
You take 6 damage, and now have 24/57 hp.
You closely miss something.
Something hits you but does no damage. 😨 HP[+1]
You barely miss something. Something hits you but does no damage.
A sky beast appears from thin air!
Reactivating autopickup.
The sky beast hits you but does no damage. 😨 MP[+1]
You closely miss the sky beast.
The sky beast flickers out of sight!
Deactivating autopickup; reactivate with Ctrl-A.
Something hits you but does no damage.
You hit something but do no damage.
A sky beast appears from thin air!
Reactivating autopickup.
The sky beast hits you but does no damage.
You closely miss the sky beast. The sky beast hits you.
* * * LOW HITPOINT WARNING * * *
The sky beast shocks you.
* * * LOW HITPOINT WARNING * * *
A centaur comes into view. 😨 HP[-7]
You take 7 damage, and now have 18/57 hp.
The centaur shouts!
You hit the sky beast but do no damage. The sky beast hits you.
* * * LOW HITPOINT WARNING * * *
The sky beast shocks you.
* * * LOW HITPOINT WARNING * * *
😱 HP[-5]
You take 5 damage, and now have 13/57 hp.
You hit the sky beast but do no damage. The sky beast barely misses you.
You hit the sky beast but do no damage.
The sky beast hits you but does no damage.
You barely miss the sky beast.
The sky beast flickers out of sight!
Deactivating autopickup; reactivate with Ctrl-A.
Something hits you but does no damage. 😱 MP[+1]
You miss something.
The centaur wields a +0 shortbow.
The centaur shoots an arrow.
The arrow closely misses you. Something hits you.
* * * LOW HITPOINT WARNING * * *
Something shocks you.
* * * LOW HITPOINT WARNING * * *
The centaur shoots an arrow.
The arrow closely misses you. 😱 HP[-8]
You take 8 damage, and now have 5/57 hp.
Aiming: Airstrike (dangerous; 2% risk of failure)
Press: ? - help, Q - select action, (/) - cycle Dir - move target, f - centaur
Aim: a centaur, wielding a +0 shortbow and quivering arrows (empty space bonus: 2/8)
The air twists around and strikes the centaur!
Something hits you but does no damage. 😱 MP[-4]
You lost 4 mp, and now have 1/14 mp.
You don't have enough magic to cast this spell.
Casting: Airstrike (dangerous; 2% risk of failure)
Confirm with . or Enter, or press ? or * to list all spells.
Aiming: Shock (safe; 1% risk of failure)
Press: ? - help, Shift-Dir - straight line, f/p - centaur
Aim: a centaur, wielding a +0 shortbow and quivering arrows (heavily wounded, 84% to hit)
That beam is likely to hit you.
Continue anyway?
Okay, then.
You closely miss something.
The centaur shoots an arrow.
Reactivating autopickup.
You feel a bit more experienced.
The centaur shoots an arrow.
The arrow hits you.
You die...

Skill      XL: |  1  2  3  4  5  6  7 |
---------------+----------------------+-----
Conjurations   | 1 |  1.6
Stealth        | 2 |  2.5
Dodging        | 2 |  2.4
Spellcasting   | 2 |  2.2
Air Magic      | 3 4 5 6 9 |  9.1

Action                   |  1- 3 |  4- 6 |  7- 9 || total
-------------------------+-------+-------+-------++-------
Melee: Short sword       |       |       |    17 ||    17
 Cast: Shock             |    81 |    80 |    29 ||   190
       Static Discharge  |     7 |    26 |    17 ||    50
       Airstrike         |       |       |    17 ||    17
  Use: Scroll            |       |       |     5 ||     5
Armor: Robe              |     1 |     1 |    10 ||    12
Dodge: Dodged            |     5 |    13 |     8 ||    26

Levels and vault maps discovered:
D:1:      amcnicky_arrival_underground_garden, layout_basic,
          shapermc_ecumenical_altar_mp_urbaneastern
D:2:      layout_basic, minmay_worlds_worst_comb
D:3:      layout_basic, gammafunk_temple_overflow_pools
D:4:      layout_rooms, minmay_temple_entry_from_below_a, minmay_statues_item,
          kennysheep_windowed_goal, uniq_natasha, uniq_crazy_yiuf_cottage
D:5:      layout_layer_cave
D:6:      layout_basic, minmay_misc_feat_square, uniq_grinder, uniq_edmund,
          uniq_menkaure, uniq_pikel

Notes
Turn   | Place    | Note
-------+----------+-------------------------------------------
     0 | D:1      | mortz the Demigod Air Elementalist began the quest for the
                  | Orb.
     0 | D:1      | Reached XP level 1. HP: 14/14 MP: 5/5
     0 | D:1      | magus.rc [v1.9.6]
    72 | D:1      | Reached skill level 1 in Conjurations
   256 | D:1      | Reached skill level 2 in Stealth
   259 | D:1      | Reached skill level 2 in Dodging
   259 | D:1      | Reached XP level 2. HP: 20/20 MP: 1/7
   262 | D:1      | Learned a level 2 spell: Static Discharge
   564 | D:1      | Reached skill level 2 in Spellcasting
  1162 | D:2      | Reached skill level 3 in Air Magic
  1257 | D:2      | Reached XP level 3. HP: 26/26 MP: 5/8
  2608 | D:3      | Reached XP level 4. HP: 33/33 MP: 8/10
  2613 | D:3      | Learned a level 4 spell: Airstrike
  3352 | D:4      | Found a staircase to the Ecumenical Temple.
  3498 | D:4      | Reached skill level 4 in Air Magic
  3636 | D:4      | Found a runed translucent door.
  3637 | D:4      | Noticed Crazy Yiuf
  3745 | D:4      | Noticed Natasha
  3754 | D:4      | Killed Natasha
  3755 | D:4      | Reached XP level 5. HP: 18/38 MP: 3/11
  4104 | D:4      | Killed Crazy Yiuf
  4279 | D:5      | Entered Level 5 of the Dungeon
  4287 | D:5      | Reached skill level 5 in Air Magic
  4421 | D:5      | Reached XP level 6. HP: 38/45 MP: 1/12
  4748 | D:5      | Reached skill level 6 in Air Magic
  5130 | D:5      | Reached XP level 7. HP: 45/50 MP: 3/13
  5307 | D:5      | Reached skill level 7 in Air Magic
  6000 | D:5      | Reached skill level 8 in Air Magic
  6485 | D:6      | Noticed Edmund
  6581 | D:6      | Killed Edmund
  6974 | D:6      | Noticed Menkaure
  6977 | D:6      | Killed Menkaure
  6978 | D:6      | Reached skill level 9 in Air Magic
  6978 | D:6      | Reached XP level 8. HP: 57/57 MP: 5/14
  7278 | D:6      | HP: 13/57 [sky beast (5)]
  7282 | D:6      | HP: 5/57 [something (6)]
  7284 | D:6      | Shot with an arrow by a centaur

Vanquished Creatures
  Menkaure (D:6)
  Edmund (D:6)
  4 phantoms (D:5)
  2 scorpions
  5 wights (D:5)
  A bullfrog zombie (D:6)
  2 hounds
  Crazy Yiuf (D:4)
  3 iguanas (D:5)
  Natasha (D:4)
  A killer bee zombie (D:6)
  2 hound skeletons (D:4)
  4 gnolls (D:5)
  5 adders
  3 white imps
  A worm (D:5)
  A dart slug (D:3)
  9 orcs
  2 bats (D:1)
  6 endoplasms
  4 giant cockroaches
  3 hobgoblins
  4 quokkas
  4 ball pythons
  2 frilled lizards (D:2)
  5 goblins
  5 kobolds
  2 rats
84 creatures vanquished.

Vanquished Creatures (others)
  A sky beast (D:6)
  2 fungi (D:1)
  2 plants (D:1)
5 creatures vanquished.

Grand Total: 89 creatures vanquished

Table legend:
 A = Non-vault XP
 B = Vault XP
 C = Vault XP percentage of total XP
 D = Non-vault monster count
 E = Vault monster count
 F = Vault count percentage of total count
                 A         B        C        D         E       F
            +---------+---------+-------+---------+---------+-------
      Total |    1558 |     439 |  22.0 |      78 |       7 |   8.2
            +---------+---------+-------+---------+---------+-------
        D:1 |      26 |       0 |   0.0 |      16 |       0 |   0.0
        D:2 |      54 |       4 |   6.9 |      12 |       2 |  14.3
        D:3 |      34 |       0 |   0.0 |      10 |       0 |   0.0
        D:4 |     112 |      79 |  41.4 |      13 |       3 |  18.8
        D:5 |    1002 |       0 |   0.0 |      20 |       0 |   0.0
        D:6 |     330 |     356 |  51.9 |       7 |       2 |  22.2
            +---------+---------+-------+---------+---------+-------

Illustrated notes

Table legend:
 A = Kills in this place as a percentage of kills in entire the game.
 B = Kills by you in this place as a percentage of kills by you in the entire game.
 C = Kills by friends in this place as a percentage of kills by friends in the entire game.
 D = Other kills in this place as a percentage of other kills in the entire game.
 E = Experience gained in this place as a percentage of experience gained in the entire game.
 F = Experience gained in this place divided by the number of levels of this place that you have seen.
                   A       B       C       D       E      F
               +-------+-------+-------+-------+-------+----------------------
         Total | 100.0 | 100.0 |   N/A | 100.0 | 100.0 | 332.8
       Dungeon | 100.0 | 100.0 |   N/A | 100.0 | 100.0 | 332.8
               +-------+-------+-------+-------+-------+----------------------

Table legend: (Time is in decaauts)
 A = Elapsed time spent in this place.
 B = Non-inter-level travel time spent in this place.
 C = Inter-level travel time spent in this place.
 D = Time resting spent in this place.
 E = Time spent auto-exploring this place.
 F = Levels seen in this place.
 G = Mean time per level.
                   A        B        C        D        E       F      G
               +--------+--------+--------+--------+--------+-----+--------+
         Total |   7291 |   7065 |    226 |    900 |   5442 |   6 | 1215.2 |
       Dungeon |   7291 |   7065 |    226 |    900 |   5442 |   6 | 1215.2 |
               +--------+--------+--------+--------+--------+-----+--------+

Top non-repeatable levels by time:
     D:5: 2119 daAuts
     D:4: 1303 daAuts
     D:2: 1109 daAuts
     D:3: 1064 daAuts
     D:1: 1006 daAuts
     D:6: 687 daAuts
